AoeStats
← Maverick

Arabian Desert

510187000Analyzed
1v1 RM · 14h ago on Sep 29, 2026· 24m 26s· 2 players
Game mode
Random Map
Map size
Tiny (2 player)
Population
200
Speed
Normal
Resources
Standard
Victory
Conquest
Starting age
Dark Age
Ending age
Imperial Age
RankedLock teamsTeams togetherTeam positionsShared explorationLock speedFull tech treeHidden civsTurbo modeCheats
Victory
Defeat
🇦🇷 Romans · Argentina
1084
+16
🇮🇹 Bulgarians · Italy
1081
-16
Maverick
10:44 Feudal Age
14:47 Scale Mail Armor
14:58 Forging
15:23 Loom
21:20 Fletching
Rodrigoo
7:07 Loom
9:28 Feudal Age
9:32 Man-at-Arms
10:27 Double-Bit Axe
15:51 Scale Mail Armor
20:30 Wheelbarrow
23:39 Castle Age
22:11 Forging
23:43 Long Swordsman
Connection lost

Rejoining the realm…

Still unreachable

The connection could not be restored.

Session expired

The server has moved on; the page needs a fresh start.